 Dungeon Crawl Stone Soup version 0.22-a0-858-g985ef60 (webtiles) character file.

485 prawnwizard the Spear-Bearer (level 7, -2/56 HPs)
             Began as a Merfolk Monk on July 28, 2018.
             Slain by a sky beast (5 damage)
             ... on level 5 of the Dungeon.
             The game lasted 00:08:03 (5646 turns).

prawnwizard the Spear-Bearer (Merfolk Monk)         Turns: 5646, Time: 00:08:04

Health: -2/56      AC: 10    Str: 16    XL:     7   Next: 13%
Magic:  7/7        EV:  9    Int:  9    God:
Gold:   266        SH:  0    Dex: 16    Spells: 6/6 levels left

rFire    x . .     SeeInvis +   a - +0 spear
rCold    . . .     Gourm    .   (no shield)
rNeg     + . .     Faith    .   r - +1 chain mail of Duaruoso {+Blink rF- Str+2 Stlth+} (curse)
rPois    .         Spirit   .   (no helmet)
rElec    .         Reflect  .   (no cloak)
rCorr    .         Harm     .   A - +0 pair of gloves
MR       .....                  (no boots)
Stlth    ..........             (no amulet)
HPRegen  0.18/turn              k - ring of positive energy
MPRegen  0.10/turn              w - ring of see invisible

@: no status effects
A: change form in water, swift swim, stealthy swim
a: Evoke Blink


You were on level 5 of the Dungeon.
You were not hungry.

You visited 2 branches of the dungeon, and saw 6 of its levels.

You collected 266 gold pieces.

Inventory:

Hand Weapons
 a - a +0 spear (weapon)
Armour
 r - the cursed +1 chain mail of Duaruoso (worn) {+Blink rF- Str+2 Stlth+}
   (You found it on level 4 of the Dungeon)

   It affects your strength (+2).
   It makes you vulnerable to fire.
   It lets you blink.
   It makes you more stealthy.
   It has a curse placed upon it.
 A - a +0 pair of gloves (worn)
Jewellery
 k - a ring of positive energy (left hand)
 w - a ring of see invisible (right hand)
Wands
 t - a wand of digging (18)
Scrolls
 i - 8 scrolls of identify {unknown}
 l - 3 scrolls of noise {unknown}
 m - 2 scrolls of enchant weapon {unknown}
 n - a scroll of random uselessness {unknown}
 o - a scroll of enchant armour {unknown}
 q - a scroll of teleportation {unknown}
 u - a scroll of fear {unknown}
 v - a scroll of remove curse {unknown}
 y - 2 scrolls of blinking {unknown}
Potions
 d - 2 potions of lignification {unknown}
 e - 3 potions of brilliance {unknown}
 f - 4 potions of heal wounds {unknown}
 g - 2 potions of mutation {unknown}
 j - a potion of magic {unknown}
 s - 3 potions of curing {unknown}
 z - a potion of haste {unknown}
Comestibles
 c - 17 rations


   Skills:
 + Level 5.1 Fighting
 * Level 8.6 Polearms
 + Level 6.1 Dodging
 - Level 2.1 Stealth


You had 6 spell levels left.
You didn't know any spells.
Your spell library was empty.

Dungeon Overview and Level Annotations

Branches:
Dungeon (5/15)             Temple (1/1) D:4

Altars:
Cheibriados
Dithmenos
Elyvilon
Fedhas
Gozag
Kikubaaqudgha
Makhleb
Nemelex Xobeh
Qazlal
Ru
Trog
Uskayaw
Vehumet
Wu Jian
Xom
Yredelemnul
Zin
The Shining One


Message History

You are too injured to fight recklessly!
You are too injured to fight recklessly!
You are too injured to fight recklessly!
You are too injured to fight recklessly!
You are too injured to fight recklessly!
You are too injured to fight recklessly!
You closely miss the sky beast. The orc hits you with a club.
The sky beast hits you. The sky beast shocks you.
* * * LOW HITPOINT WARNING * * *
You hit the sky beast.
The sky beast is moderately wounded.
The jelly barely misses you.
The orc warrior hits you with a scimitar!
* * * LOW HITPOINT WARNING * * *
You hit the sky beast but do no damage.
The sky beast is moderately wounded.
The orc hits you but does no damage. The sky beast hits you.
* * * LOW HITPOINT WARNING * * *
The sky beast shocks you.
You die...

#. ... #[ #######.###.
#. ............
#.############.###.
#............<.....
#..############..#.
#................#
#######Y#####.........#
......J@.# #...........
.......oo# #.........#.
.........# #######.#...
.........# #.##..
.......$.# #.# ..
.........# #.# ..
.....$...# .#
.........#


You could see an orc warrior, a sky beast, a jelly and an orc.

Vanquished Creatures
  A phantom (D:4)
  An ogre (D:4)
  An orc wizard (D:3)
  An orc priest (D:3)
  A centaur skeleton (D:4)
  A howler monkey zombie (D:5)
  6 adders
  3 gnolls (D:2)
  2 oozes
  An adder skeleton (D:4)
  2 worms
  3 dart slugs
  4 leopard geckos
  14 orcs
  5 giant cockroaches
  14 goblins
  7 hobgoblins
  3 jackals (D:3)
  4 quokkas
  2 ball pythons (D:3)
  A ball python skeleton (D:4)
  10 bats
  12 frilled lizards
  6 kobolds
  A quokka skeleton (D:4)
  7 rats
113 creatures vanquished.

Notes
Turn   | Place    | Note
-------+----------+-------------------------------------------
     0 | D:1      | prawnwizard the Merfolk Monk began the quest for the Orb.
     0 | D:1      | Reached XP level 1. HP: 18/18 MP: 1/1
   173 | D:1      | Reached XP level 2. HP: 24/24 MP: 2/2
   226 | D:1      | Reached skill level 5 in Polearms
   589 | D:1      | Reached XP level 3. HP: 24/29 MP: 3/3
  1357 | D:2      | Reached XP level 4. HP: 37/37 MP: 4/4
  1446 | D:2      | Reached skill level 6 in Polearms
  1484 | D:2      | Found a glowing golden altar of the Shining One.
  2426 | D:2      | Reached XP level 5. HP: 27/42 MP: 5/5
  2628 | D:3      | Reached skill level 5 in Dodging
  3130 | D:3      | Reached skill level 7 in Polearms
  3694 | D:3      | Reached XP level 6. HP: 16/49 MP: 6/6
  4461 | D:4      | Noticed a phantom
  4509 | D:4      | Killed a phantom
  4509 | D:4      | Reached skill level 8 in Polearms
  4528 | D:4      | Found a staircase to the Ecumenical Temple.
  4567 | Temple   | Entered the Ecumenical Temple
  4859 | D:4      | Reached skill level 5 in Fighting
  4866 | D:4      | Reached XP level 7. HP: 37/56 MP: 7/7
  5000 | D:4      | Found an ornate altar of the Wu Jian Council.
  5003 | D:4      | Found a sparkling altar of Nemelex Xobeh.
  5003 | D:4      | Found a burning altar of Makhleb.
  5178 | D:4      | Got a spiked chain mail
  5189 | D:4      | Identified the cursed +1 chain mail of Duaruoso {+Blink rF- Str+2 Stlth+} (You found it on level 4 of the Dungeon)
  5581 | D:5      | Entered Level 5 of the Dungeon
  5646 | D:5      | Slain by a sky beast

Vault maps used:
D:1:      minmay_arrival_cross, serial_bayou_pond_e, hangedman_decor_lopped,
          minmay_lizard_king
D:2:      tso_altar
D:4:      grunt_temple_overflow_open, minmay_temple_entry_enclosed_plants,
          first_ration
D:5:      ashenzari_altar_1, uniq_pikel, uniq_sigmund
Temple:   minmay_temple_curvy_branch

Skill      XL: |  1  2  3  4  5  6 |
---------------+-------------------+-----
Polearms       | 5 6 7 8 |  8.6
Fighting       | 4 5 |  5.1
Dodging        | 5 6 |  6.1
Stealth        | |  2.1

Action                   |  1- 3 |  4- 6 |  7- 9 || total
-------------------------+-------+-------+-------++-------
Melee: Spear             |   133 |   378 |    66 ||   577
 Stab: Sleeping          |     5 |     4 |       ||     9
  Eat: Chunk             |     1 |    11 |     3 ||    15
Armor: Robe              |     5 |       |       ||     5
       Leather armour    |    10 |    13 |       ||    23
       Ring mail         |       |    33 |     1 ||    34
       Chain mail        |       |       |    20 ||    20
Dodge: Dodged            |    68 |   184 |    29 ||   281

Table legend:
 A = Spawn XP
 B = Non-spawn XP
 C = Spawn XP percentage of total XP
 D = Spawn monster count
 E = Non-spawn monster count
 F = Spawn count percentage of total count
 G = Total turns spent on level
                    A         B        C        D         E        F      G
               +---------+---------+-------+---------+---------+-------+---------
         Total |       0 |     693 |   0.0 |       0 |     113 |   0.0 |  5646
               +---------+---------+-------+---------+---------+-------+---------
           D:1 |       0 |      44 |   0.0 |       0 |      27 |   0.0 |  1028
           D:2 |       0 |     123 |   0.0 |       0 |      29 |   0.0 |  1577
           D:3 |       0 |     196 |   0.0 |       0 |      43 |   0.0 |  1791
           D:4 |       0 |     309 |   0.0 |       0 |      11 |   0.0 |   950
           D:5 |       0 |      21 |   0.0 |       0 |       3 |   0.0 |    65
               +---------+---------+-------+---------+---------+-------+---------
